 Dungeon Crawl Stone Soup version 0.14-a0-3491-gb7ac591 (webtiles) character file.

108 Herrn the Gusty (level 3, -4/24 HPs)
             Began as an Octopode Air Elementalist on Mar 25, 2014.
             Slain by Crazy Yiuf
             ... wielding a +3,+3 quarterstaff of chaos
              (12 damage)
             ... on Level 2 of the Dungeon.
             The game lasted 00:10:09 (1185 turns).

Herrn the Gusty (Octopode Air Elementalist)         Turns: 1185, Time: 00:10:09

HP  -4/24        AC  1     Str  7      XL: 3   Next: 29%
MP   1/6         EV 12     Int 17      God:
Gold 75          SH  0     Dex 17      Spells:  2 memorised,  4 levels left

rFire  x . .     SeeInvis .     (no weapon)
rCold  + . .     Clarity  .     (no shield)
rNeg   . . .     Conserve .     (helmet restricted)
rPois  .         rCorr    .     (no amulet)
rElec  .         rRot     .     i - +4 ring of dexterity
SustAb . .       Spirit   .     g - ring of ice
rMut   .         Warding  .     (no ring)
Saprov . . .     Stasis   .     (no ring)
MR     .....                    (no ring)
                                (no ring)
                                (no ring)
                                (no ring)

@: very slightly contaminated, drained, not resistant to hostile enchantments,
quite stealthy
A: almost no armour, amphibious, 8 rings, constrict 8, camouflage 1, gelatinous
body 1
a: no special abilities


You were on level 2 of the Dungeon.
You were hungry.

You visited 1 branch of the dungeon, and saw 2 of its levels.

You collected 75 gold pieces.

Inventory:

Comestibles
 c - 2 bread rations
 j - a chunk of giant newt flesh
Scrolls
 d - a scroll of identify {unknown}
 e - a scroll of remove curse {unknown}
 h - a scroll of fear {unknown}
Jewellery
 g - a ring of ice (right tentacle)
 i - a +4 ring of dexterity (left tentacle)
Books
 b - a book of Air

   Spells                             Type                      Level
   *Shock                             Conjuration/Air              1
   *Swiftness                         Charms/Air                   2
   Repel Missiles                     Charms/Air                   2
   Flight                             Charms/Air                   3
   Static Discharge                   Conjuration/Air              3
   Lightning Bolt                     Conjuration/Air              5


   Skills:
 * Level 1.9(1.5) Fighting
 + Level 2.2(1.8) Dodging
 - Level 2.6(2.2) Stealth
 + Level 2.5(2.1) Spellcasting
 + Level 1.1(0.7) Conjurations
 - Level 3.0(2.6) Air Magic


You had 4 spell levels left.
You knew the following spells:

 Your Spells              Type           Power        Failure   Level  Hunger
a - Shock                 Conj/Air       #...         12%         1    #......
b - Swiftness             Chrm/Air       #.......     21%         2    ##.....


Dungeon Overview and Level Annotations

Branches:
Dungeon (2/15)

Altars:

Annotations:
D:2 Crazy Yiuf


Innate Abilities, Weirdness & Mutations

You cannot wear most types of armour.
You are amphibious.
You can wear up to eight rings at the same time.
You can use your tentacles to constrict many enemies at once.
Your skin changes colour to match your surroundings (Stlth).
Your rubbery body absorbs attacks (AC +1).


Message History

The zap hits Crazy Yiuf.
Crazy Yiuf is moderately wounded.
Crazy Yiuf hits you with a quarterstaff of chaos!
Ouch! That really hurt!
You feel drained.
Casting: Shock
Confirm with . or Enter, or press ? or * to list all spells.
Aiming: Shock
Press: ? - help, Shift-Dir - straight line, f/p - Crazy Yiuf
Aim: Crazy Yiuf, wielding a quarterstaff of chaos and wearing a cloak (moderately wounded)
The zap hits Crazy Yiuf.
Crazy Yiuf is heavily wounded.
Crazy Yiuf says, "Mama!
Mountain childish bush."
Crazy Yiuf says, "Blight!"
You feel better.
Crazy Yiuf hits you with a quarterstaff of chaos!
Ouch! That really hurt!
Crazy Yiuf burns you!
Ouch! That really hurt!
You die...

#########
##########.......## ####
#..........####...# ...#
###'###.....# #....#
...####≈≈.%≈#.....###+..+##
......#≈...≈#.....#♣♣....♣♣
.....>#..≈..####.##♣♣...♣♣♣
......#≈...≈# #g# ♣♣♣.♣♣♣♣
###...#≈≈≈≈≈# #@# ♣♣.♣♣♣♣ #
#...####### #.# ♣♣♣.♣♣ #
#......# #.# ♣♣♣.♣♣ #
######.# #.# ♣♣♣.♣ # #.#
#.# ♣##.# # #.# #.# .. #
#.# #.# ..# # #.# #.# .)# #
#.# #.# ###


You could see Crazy Yiuf.

Vanquished Creatures
  An adder (D:2)
  3 bats
  A giant cockroach (D:1)
  4 goblins
  3 hobgoblins
  3 jackals (D:2)
  3 giant newts
  4 kobolds
  A rat (D:1)
23 creatures vanquished.

Notes
Turn   | Place    | Note
--------------------------------------------------------------
     0 | D:1      | Herrn, the Octopode Air Elementalist, began the quest for the Orb.
     0 | D:1      | Reached XP level 1. HP: 11/11 MP: 3/3
   173 | D:1      | Reached skill level 1 in Fighting
   218 | D:1      | Reached XP level 2. HP: 16/18 MP: 2/4
   895 | D:2      | Reached XP level 3. HP: 17/24 MP: 1/6
  1038 | D:2      | Learned a level 2 spell: Swiftness
  1158 | D:2      | Noticed Crazy Yiuf
  1185 | D:2      | Slain by Crazy Yiuf

Action                   || total
-------------------------++-------
Melee: Unarmed           ||    25
 Cast: Shock             ||    44
  Use: Potion            ||     2
